 Dungeon Crawl Stone Soup version 0.21-a0-630-g344d351 (webtiles) character file.

182 sagitran the Chopper (level 5, -14/47 HPs)
             Began as a Hill Orc Fighter on Dec 26, 2017.
             Demolished by an ogre
             ... wielding a +0 giant spiked club
              (22 damage)
             ... on level 4 of the Dungeon.
             The game lasted 00:07:12 (1623 turns).

sagitran the Chopper (Hill Orc Fighter)             Turns: 1623, Time: 00:07:13

Health: -14/47     AC:  8    Str: 24    XL:     5   Next: 61%
Magic:  5/5        EV:  8    Int:  8    God:
Gold:   83         SH: 10    Dex: 11    Spells: 4/4 levels left

rFire    . . .     SeeInvis .   a - +0 war axe
rCold    . . .     Gourm    .   c - +0 shield
rNeg     . . .     Faith    .   b - +0 scale mail
rPois    .         Spirit   .   v - +0 helmet
rElec    .         Reflect  .   (no cloak)
rCorr    .         Harm     .   (no gloves)
MR       .....                  (no boots)
Stlth    ..........             (no amulet)
HPRegen  0.15/turn              (no ring)
MPRegen  0.09/turn              (no ring)

@: mighty, drained
A: no striking features
a: no special abilities


You were on level 4 of the Dungeon.
You were not hungry.

You visited 1 branch of the dungeon, and saw 4 of its levels.

You collected 83 gold pieces.

Inventory:

Hand Weapons
 a - a +0 war axe (weapon)
 i - a +0 short sword of protection
 u - a +1 dagger of draining
Missiles
 t - 4 javelins (quivered)
Armour
 b - a +0 scale mail (worn)
 c - a +0 shield (worn)
 v - a +0 helmet (worn)
Jewellery
 h - an uncursed amulet of the gourmand {unknown}
 k - an uncursed amulet of rage {unknown}
 w - a cursed ring of wizardry {unknown}
Scrolls
 l - 3 scrolls of teleportation {unknown}
 m - 2 scrolls of identify {unknown}
 n - a scroll of remove curse {unknown}
 o - a scroll of amnesia {unknown}
 p - a scroll of immolation {unknown}
 x - a scroll of enchant armour {unknown}
Potions
 d - a potion of might
 e - a potion of heal wounds {unknown}
 j - a potion of curing {unknown}
 q - a potion of mutation {unknown}
 r - a potion of lignification {unknown}
 s - a potion of flight {unknown}
Comestibles
 f - 4 rations
 g - 2 chunks of flesh


   Skills:
 + Level 4.4(4.3) Fighting
 + Level 5.1(5.0) Axes
 + Level 4.0(3.9) Armour
 + Level 0.5 Dodging
 + Level 4.3(4.2) Shields


You had 4 spell levels left.
You didn't know any spells.

Dungeon Overview and Level Annotations

Branches:
Dungeon (4/15)
 Temple: D:4-7

Altars:
Nemelex Xobeh


Message History

You kill the ball python!
You see here 5 gold pieces.
There isn't anything to butcher here.
You now have 83 gold pieces (gained 5).
The ogre hits you with a giant spiked club.
There is a stone staircase leading up here.
You block the ogre's attack.
The ogre hits you with a giant spiked club!
You slash the ogre!
The ogre is heavily wounded.
The ogre hits you with a giant spiked club!
Found a runed robe.
Found a stone staircase leading down.
Found a stone staircase leading down.
You feel very mighty all of a sudden.
The ogre hits you with a giant spiked club!
* * * LOW HITPOINT WARNING * * *
Your scale mail prevents you from hitting the ogre.
The ogre is moderately wounded.
The ogre hits you with a giant spiked club!!
You die...

#.........(...
#..(.....#####
#...<....##
#............
#............
#.............
###.####.##.##
##+#####O######
.#
.......@........
................
.............>.[
......#########.
...... ......
..... >....


You could see an ogre.

Vanquished Creatures
  A scorpion (D:2)
  A worker ant (D:2)
  3 adders
  3 worms
  2 dart slugs (D:1)
  A leopard gecko (D:2)
  An orc (D:3)
  2 ball pythons
  6 giant cockroaches
  6 hobgoblins
  8 jackals
  6 bats
  A frilled lizard (D:3)
  5 goblins
  10 kobolds
  8 rats
64 creatures vanquished.

Notes
Turn   | Place    | Note
-------+----------+-------------------------------------------
     0 | D:1      | sagitran the Hill Orc Fighter began the quest for the Orb.
     0 | D:1      | Reached XP level 1. HP: 19/19 MP: 1/1
    72 | D:1      | Reached XP level 2. HP: 26/27 MP: 2/2
   173 | D:1      | Reached skill level 3 in Axes
   335 | D:1      | Reached XP level 3. HP: 31/33 MP: 3/3
   606 | D:2      | Noticed a scorpion
   625 | D:2      | Killed a scorpion
   625 | D:2      | Reached skill level 4 in Axes
   625 | D:2      | Reached XP level 4. HP: 16/40 MP: 4/4
  1024 | D:2      | Reached XP level 5. HP: 39/47 MP: 5/5
  1303 | D:3      | Reached skill level 5 in Axes
  1394 | D:3      | Found a sparkling altar of Nemelex Xobeh.
  1606 | D:4      | Noticed an ogre
  1623 | D:4      | Demolished by an ogre

Vault maps used:
D:1:      scummos_arrival_checkerplants
D:2:      first_ration
D:3:      kennysheep_big_flooded_room, lemuel_doored_altar, grunt_ministairs_15,
          uniq_natasha
D:4:      eino_small_chamber_without_monster, kennysheep_slug_shrine

Skill      XL: |  1  2  3  4  5 |
---------------+----------------+-----
Axes           | 3 4 5 |  5.1
Fighting       | 4 |  4.4
Shields        | 4 |  4.3
Armour         | 4 |  4.0
Dodging        | |  0.5

Action                   |  1- 3 |  4- 6 || total
-------------------------+-------+-------++-------
Melee: War axe           |    97 |   106 ||   203
       Short sword       |     9 |       ||     9
Throw: Javelin           |     1 |       ||     1
  Use: Scroll            |     1 |       ||     1
       Potion            |       |     1 ||     1
  Eat: Chunk             |       |     3 ||     3
Armor: Scale mail        |    51 |    63 ||   114
Dodge: Dodged            |    47 |    41 ||    88
Block: Shield            |    61 |    79 ||   140

Table legend:
 A = Spawn XP
 B = Non-spawn XP
 C = Spawn XP percentage of total XP
 D = Spawn monster count
 E = Non-spawn monster count
 F = Spawn count percentage of total count
 G = Total turns spent on level
                    A         B        C        D         E        F      G
               +---------+---------+-------+---------+---------+-------+---------
         Total |       0 |     260 |   0.0 |       0 |      64 |   0.0 |  1623
               +---------+---------+-------+---------+---------+-------+---------
           D:1 |       0 |      44 |   0.0 |       0 |      26 |   0.0 |   402
           D:2 |       0 |     168 |   0.0 |       0 |      20 |   0.0 |   799
           D:3 |       0 |      47 |   0.0 |       0 |      17 |   0.0 |   405
           D:4 |       0 |       1 |   0.0 |       0 |       1 |   0.0 |    17
               +---------+---------+-------+---------+---------+-------+---------
